 Dungeon Crawl Stone Soup version 0.29.1-15-g9cfb28693d (webtiles) character file.

Game seed: 7587950851502069641

78 Ast3rio the Gusty (level 4, 0/24 HPs)
             Began as a Deep Elf Air Elementalist on Mar 13, 2023.
             Slain by Natasha (4 damage)
             ... on level 3 of the Dungeon.
             The game lasted 00:04:00 (1671 turns).

Ast3rio the Gusty (Deep Elf Air Elementalist)       Turns: 1671, Time: 00:04:01

Health: 0/24       AC:  2    Str:  5    XL:     4   Next: 15%
Magic:  3/11       EV: 13    Int: 22    God:
Gold:   112        SH:  0    Dex: 15    Spells: 7/10 levels left

rFire   . . .      SeeInvis .   (no weapon)
rCold   . . .      Faith    .   (no shield)
rNeg    . . .      Spirit   .   a - +0 robe
rPois   .          Reflect  .   (no helmet)
rElec   .          Harm     .   (no cloak)
rCorr   .          Rampage  .   (no gloves)
Will    .....                   (no boots)
Stlth   ++........              (no amulet)
HPRegen 0.08/turn               (no ring)
MPRegen 0.12/turn               (no ring)

@: no status effects
A: no striking features
a: no special abilities


You were on level 3 of the Dungeon.
You visited 1 branch of the dungeon, and saw 3 of its levels.

You collected 112 gold pieces.

Inventory:

Armour
 a - a +0 robe (worn)
Scrolls
 e - a scroll of teleportation {unknown}
 h - 2 scrolls of noise {unknown}
 i - a scroll of butterflies {unknown}
 j - a scroll of brand weapon {unknown}
 k - a scroll of poison {unknown}
Potions
 b - a potion of magic
 c - 2 potions of attraction {unknown}
 d - a potion of curing {unknown}
 f - a potion of degeneration {unknown}
 g - a potion of berserk rage {unknown}


   Skills:
 + Level 2.7 Dodging
 + Level 2.8 Stealth
 * Level 3.9 Spellcasting
 + Level 1.5 Conjurations
 * Level 4.2 Air Magic


You had 7 spell levels left.
You knew the following spells:

 Your Spells              Type           Power      Damage    Failure   Level
a - Shock                 Conj/Air       64%        1d7       3%          1
b - Static Discharge      Conj/Air       16%        3-5/arc   5%          2

Your spell library contained the following spells:

 Spells                   Type           Power      Damage    Failure   Level
 Swiftness                Air            23%        N/A       6%          3
 Airstrike                Air            11%        2d(2-18)  21%         4


Dungeon Overview and Level Annotations

Branches:
Dungeon (3/15)

Altars:
Trog
Uskayaw
Vehumet

Annotations:
D:3 Natasha


Message History

Aiming: Shock (safe; 3% risk of failure)
Press: ? - help, Shift-Dir - straight line, f/p - Natasha
Aim: Natasha (moderately wounded, 64% to hit)
The zap hits the white imp.
The white imp is moderately wounded.
The zap misses Natasha.
Casting: Shock (safe; 3% risk of failure)
Confirm with . or Enter, or press ? or * to list all spells.
Aiming: Shock (safe; 3% risk of failure)
Press: ? - help, Shift-Dir - straight line, f/p - Natasha
Aim: Natasha (moderately wounded, 64% to hit)
The zap hits Natasha.
Natasha is heavily wounded.
The white imp gestures at you. The puff of frost hits you!
Ouch! That really hurt!
Natasha claws you!
* * * LOW HITPOINT WARNING * * *
Unknown command.
You are too injured to fight recklessly!
You are too injured to fight recklessly!
You closely miss the white imp.
The white imp is moderately wounded.
The white imp gestures at you. The puff of frost misses you.
Natasha closely misses you.
Your magical contamination has completely faded away.
You hit the white imp but do no damage.
The white imp is moderately wounded.
The white imp hits you but does no damage.
Natasha mumbles some strange words.
You closely miss the white imp.
The white imp is moderately wounded.
The white imp hits you but does no damage.
Natasha closely misses you.
You closely miss the white imp.
The white imp is moderately wounded.
The crimson imp picks up a beetle and eats it.
Natasha misses you.
You closely miss the crimson imp. Natasha claws you.
You die...

#.### ### ..........
... #
#._..._..#.##.######
#..._... #..........
##...... ###.#..#.#
#......
..####.#..#.# #..?55
#...........#
#..h5##
##........###
#..@.###.#.####.####
#..#..#.## #.....
#.......# ######
####.###..... #. #.#
.... #. #.# ... #.
#.# ##. ####.# #..
#....# #.#


You could see Natasha, a crimson imp (summoned) and 2 white imps.

Vanquished Creatures
  Terence (D:2)
  An orc wizard (D:3)
  4 orcs (D:3)
  2 bats (D:3)
  An endoplasm (D:1)
  A giant cockroach (D:2)
  A hobgoblin (D:2)
  4 kobolds
  2 quokkas
  5 ball pythons
  4 rats
26 creatures vanquished.

Notes
Turn   | Place    | Note
-------+----------+-------------------------------------------
     0 | D:1      | Ast3rio the Deep Elf Air Elementalist began the quest for
                  | the Orb.
     0 | D:1      | Reached XP level 1. HP: 10/10 MP: 6/6
   300 | D:1      | Reached XP level 2. HP: 15/15 MP: 5/8
   303 | D:1      | Learned a level 2 spell: Static Discharge
   532 | D:2      | Identified the +6 quarterstaff of Turmoil {flame, Str+6
                  | Int+2 Dex-4 Stlth+}
   536 | D:2      | Noticed Terence
   543 | D:2      | Killed Terence
   544 | D:2      | Reached XP level 3. HP: 12/19 MP: 1/10
   843 | D:2      | Found a faded altar of an unknown god.
  1370 | D:3      | Reached skill level 4 in Air Magic
  1371 | D:3      | Reached XP level 4. HP: 10/24 MP: 5/11
  1656 | D:3      | Found a hide-covered altar of Uskayaw.
  1657 | D:3      | Found a bloodstained altar of Trog.
  1657 | D:3      | Found a radiant altar of Vehumet.
  1659 | D:3      | Noticed Natasha
  1671 | D:3      | Slain by Natasha

Illustrated notes

Levels and vault maps discovered:
D:1:      tarquinn_simple_flora_water_e, layout_rooms
D:2:      layout_basic, dreamdust_ecumenical_altar_angels_and_demons,
          serial_curves, eino_curves_03, eino_curves_01,
          nicolae_kite_square_tiling_tiny, minmay_misc_feat_encased,
          mrwooster_statue_mirror, uniq_terence
D:3:      layout_loops_cross, grunt_temple_overflow_open, uniq_natasha

Skill      XL: |  1  2  3 |
---------------+----------+-----
Air Magic      | 4 |  4.2
Dodging        | |  2.7
Stealth        | |  2.8
Spellcasting   | |  3.9
Conjurations   | |  1.5

Action                   |  1- 3 |  4- 6 || total
-------------------------+-------+-------++-------
Melee: Unarmed           |       |     5 ||     5
 Cast: Shock             |    36 |    12 ||    48
       Static Discharge  |     4 |       ||     4
Armor: Robe              |     1 |     2 ||     3
Dodge: Dodged            |     2 |     5 ||     7
